[Event "Titled Tuesday Blitz May 9 Late 2023"]
[White "6PackPlayer"]
[Black "KorolDimitriy75"]
[WhiteElo "2237"]
[BlackElo "2461"]
[Result "1-0"]
[Round "02"]
[TimeControl "180+2"]
[Date "2023.05.09"]
[WhiteClock "0:00:28"]
[BlackClock "0:00:00"]

1. e4 c5 2. Nf3 d6 3. d4 cxd4 4. Nxd4 Nf6 5. Nc3 g6 6. f4 Nbd7 7. Bd3 Bg7 8. Nf3 O-O 9. O-O a6 10. Qe1 Qc7 11. Bd2 b5 12. Qh4 Bb7 13. Rae1 Nc5 14. a3 d5 15. exd5 Nxd3 16. cxd3 Nxd5 17. Nxd5 Bxd5 18. Rxe7 Qc2 19. Bc3 Bxf3 20. Rxf3 Bxc3 21. bxc3 Qxc3 22. Rh3 Qd4+ 23. Ree3 Qg7 24. f5 h5 25. f6 Qh6 26. Reg3 Rfe8 27. Rg5 Rac8 28. Rhg3 Rc2 29. h3 Re1+ 30. Kh2 Rcc1 31. Rxg6+ fxg6 32. f7+ Kxf7 33. Rf3+ Kg8 34. Qd8+ Kg7 35. Qf8+ Kh7 36. Rf7+ 1-0


[Site "https://www.chess.com"]

[Event "Titled Tuesday Blitz May 9 Late 2023"]
[White "Mikhalsky, Vladimir"]
[Black "Kalaiyalahan, Akshaya"]
[WhiteFideId "14144352"]
[BlackFideId "422894"]
[WhiteElo "2236"]
[BlackElo "2043"]
[Result "1-0"]
[Round "02"]
[TimeControl "180+2"]
[Date "2023.05.09"]
[WhiteClock "0:00:47"]
[BlackClock "0:00:13"]

1. d4 Nf6 2. c4 b6 3. d5 Bb7 4. Nc3 c6 5. e4 cxd5 6. exd5 Na6 7. a3 g6 8. Nf3 Bg7 9. Bf4 O-O 10. Qd2 Nc5 11. Rd1 Nce4 12. Nxe4 Nxe4 13. Qe3 f5 14. Be5 Bxe5 15. Nxe5 Qc7 16. f4 d6 17. Nf3 Ba6 18. Rc1 Qc5 19. Nd4 Rfc8 20. b4 Qc7 21. Ne6 Qd7 22. Bd3 Nf6 23. b5 Bb7 24. O-O a6 25. Bxf5 gxf5 26. Qg3+ Ng4 27. h3 h5 28. hxg4 hxg4 29. Qh4 Qe8 30. Qg5+ 1-0


[Site "https://www.chess.com"]

[Event "Titled Tuesday Blitz May 9 Late 2023"]
[White "OPQRC"]
[Black "Nepo"]
[WhiteElo "2462"]
[BlackElo "2240"]
[Result "1-0"]
[Round "02"]
[TimeControl "180+2"]
[Date "2023.05.09"]
[WhiteClock "0:02:12"]
[BlackClock "0:00:49"]

1. e4 e5 2. Nf3 Nf6 3. d4 Nxe4 4. Bd3 d5 5. Nxe5 Nd7 6. O-O Nxe5 7. dxe5 Nc5 8. f4 c6 9. f5 Nxd3 10. cxd3 g6 11. f6 Be6 12. d4 h5 13. Nd2 Qd7 14. Nb3 h4 15. Bd2 b6 16. Rc1 Bh6 17. Bxh6 Rxh6 18. Rc3 g5 19. Qc1 Rg6 20. Rxc6 1-0


[Site "https://www.chess.com"]

[Event "Titled Tuesday Blitz May 9 Late 2023"]
[White "Chemin, Justo Reinaldo"]
[Black "Vega Gutierrez, Sabrina"]
[WhiteFideId "2101580"]
[BlackFideId "2219026"]
[WhiteElo "1940"]
[BlackElo "2209"]
[Result "0-1"]
[Round "02"]
[TimeControl "180+2"]
[Date "2023.05.09"]
[WhiteClock "0:00:00"]
[BlackClock "0:00:35"]

1. e4 c5 2. Nf3 e6 3. Nc3 Nc6 4. d3 d5 5. g3 d4 6. Nb1 Bd6 7. Bg2 Nge7 8. c3 O-O 9. Nbd2 e5 10. Nc4 Bc7 11. a4 Be6 12. Qe2 f6 13. O-O a6 14. Nh4 b5 15. Nd2 Qd7 16. f4 dxc3 17. bxc3 Rad8 18. axb5 axb5 19. fxe5 Bxe5 20. Rb1 Bxc3 21. Nb3 Nd4 22. Nxd4 Qxd4+ 23. Be3 Qxd3 24. Qxd3 Rxd3 25. Bxc5 Bd4+ 26. Bxd4 Rxd4 27. Rxb5 Bc4 28. Rb4 Nc6 29. Ra4 Bxf1 30. Rxd4 Nxd4 31. Kxf1 Rb8 32. Bh3 Rb2 33. Ng2 Nf3 0-1


[Site "https://www.chess.com"]

[Event "Titled Tuesday Blitz May 9 Late 2023"]
[White "marik_spb"]
[Black "Barria Santos, Jose Guilherme"]
[BlackFideId "1939300"]
[WhiteElo "2455"]
[BlackElo "2266"]
[Result "0-1"]
[Round "02"]
[TimeControl "180+2"]
[Date "2023.05.09"]
[WhiteClock "0:00:00"]
[BlackClock "0:00:30"]

1. d4 Nf6 2. c4 g6 3. Nc3 Bg7 4. e4 d6 5. f3 O-O 6. Be3 c5 7. Nge2 cxd4 8. Nxd4 Nc6 9. Qd2 a6 10. h4 h5 11. Be2 Bd7 12. Nd5 Nxd5 13. cxd5 Ne5 14. Bh6 Rc8 15. Bxg7 Kxg7 16. Kf2 Qb6 17. Rhc1 Rxc1 18. Rxc1 Rc8 19. Rxc8 Bxc8 20. f4 Ng4+ 21. Bxg4 Bxg4 22. Kg3 Qc5 23. Qc3 Qxc3+ 24. bxc3 Kf6 25. Kf2 e6 26. dxe6 fxe6 27. g3 Bd1 28. Ke1 Ba4 29. Kd2 b5 30. Ke3 Bd1 31. a3 Ke7 32. Nc6+ Kf6 33. Nb4 a5 34. Nc6 a4 35. Nd4 d5 36. Nxb5 dxe4 37. Kxe4 Be2 38. Nd4 Bc4 39. Ke3 e5 40. Nf3 exf4+ 41. Kxf4 Be6 42. Ne5 Bb3 43. Nd7+ Ke6 44. Ne5 Kf6 45. c4 Bc2 46. c5 Bf5 47. c6 Bc8 48. Nd3 Ke6 0-1


[Site "https://www.chess.com"]

[Event "Titled Tuesday Blitz May 9 Late 2023"]
[White "Liu, Casper"]
[Black "ritanovikova"]
[WhiteFideId "1454153"]
[WhiteElo "2221"]
[BlackElo "2198"]
[Result "1-0"]
[Round "02"]
[TimeControl "180+2"]
[Date "2023.05.09"]
[WhiteClock "0:00:49"]
[BlackClock "0:00:00"]

1. d4 e5 2. dxe5 Nc6 3. Nf3 Qe7 4. Bf4 Qb4+ 5. Bd2 Qxb2 6. Nc3 Bb4 7. Rb1 Qa3 8. Rb3 Qa5 9. a3 Bxc3 10. Bxc3 Qa4 11. e3 Nge7 12. Bd3 Ng6 13. O-O Qg4 14. h3 Qe6 15. Ng5 Qe7 16. f4 Ngxe5 17. Be4 h6 18. Qh5 Rf8 19. Nh7 Nc4 20. Bxg7 Qc5 21. Qxc5 1-0


[Site "https://www.chess.com"]

[Event "Titled Tuesday Blitz May 9 Late 2023"]
[White "DubiousM0ves532"]
[Black "Phillips, Rene"]
[BlackFideId "2056275"]
[WhiteElo "2449"]
[BlackElo "2196"]
[Result "1-0"]
[Round "02"]
[TimeControl "180+2"]
[Date "2023.05.09"]
[WhiteClock "0:00:16"]
[BlackClock "0:00:00"]

1. Nf3 d5 2. d4 c6 3. Bf4 Bg4 4. e3 Nd7 5. Nbd2 Ngf6 6. h3 Bh5 7. c4 e6 8. Bd3 Qb6 9. Qc2 Bb4 10. c5 Qa5 11. a3 Bxf3 12. gxf3 Bxd2+ 13. Qxd2 Qxd2+ 14. Kxd2 a6 15. b4 O-O 16. Bd6 Rfe8 17. f4 g6 18. a4 Rec8 19. Be7 Kg7 20. b5 axb5 21. axb5 Re8 22. Bxf6+ Kxf6 23. b6 Ke7 24. Rhb1 Rxa1 25. Rxa1 Rb8 26. Ra7 Kd8 27. h4 h5 28. Kc3 Kc8 29. f3 f5 30. e4 Nf6 31. Kd2 fxe4 32. fxe4 dxe4 33. Bc2 Kd7 34. Ke3 Kc8 35. Bxe4 Nd5+ 36. Kf3 Nf6 37. Bxg6 Kd7 38. Bd3 Ke7 39. Ba6 Nd5 40. Rxb7+ Rxb7 41. Bxb7 1-0


[Site "https://www.chess.com"]

[Event "Titled Tuesday Blitz May 9 Late 2023"]
[White "Dauner, Benedikt"]
[Black "Tarnowska, Aleksandra"]
[WhiteFideId "16225899"]
[BlackFideId "1180967"]
[WhiteElo "2205"]
[BlackElo "1776"]
[Result "1-0"]
[Round "02"]
[TimeControl "180+2"]
[Date "2023.05.09"]
[WhiteClock "0:00:12"]
[BlackClock "0:00:01"]

1. a3 e5 2. d4 exd4 3. Qxd4 Nc6 4. Qd3 Nf6 5. Nf3 Be7 6. Nc3 O-O 7. Bf4 d6 8. e4 Bg4 9. O-O-O Ne5 10. Qe3 Ng6 11. Bg3 a6 12. h3 Be6 13. Ng5 Nh5 14. Nxe6 fxe6 15. Kb1 Bg5 16. Qe1 Nxg3 17. fxg3 Rf7 18. Bc4 Qe7 19. Rf1 Raf8 20. Qe2 Ne5 21. Bb3 c5 22. a4 Nc6 23. Rxf7 Rxf7 24. Qg4 Nd4 25. Ba2 Bf6 26. Ne2 Nxe2 27. Qxe2 Be5 28. Qg4 Rf6 29. Bc4 Rg6 30. Qf5 Bxg3 31. Qf3 Be5 32. g4 Rf6 33. Qb3 h6 34. Ka2 Kh7 35. Rg1 Bf4 36. Bd3 Bg5 37. e5+ Rg6 38. h4 Bxh4 39. exd6 Qxd6 40. Qxb7 Qd5+ 41. Qxd5 exd5 42. Rf1 Bf6 43. c3 c4 44. Bf5 a5 45. Rd1 Be5 46. Rxd5 Bf4 47. Rxa5 Bd2 48. Ra6 Bc1 49. Bxg6+ Kg8 50. Ra8# 1-0


[Site "https://www.chess.com"]

[Event "Titled Tuesday Blitz May 9 Late 2023"]
[White "Almedina Ortiz, Edgardo J."]
[Black "Foerster-Yialamas, Lucas"]
[WhiteFideId "3100197"]
[BlackFideId "30901774"]
[WhiteElo "2217"]
[BlackElo "2067"]
[Result "0-1"]
[Round "02"]
[TimeControl "180+2"]
[Date "2023.05.09"]
[WhiteClock "0:00:00"]
[BlackClock "0:01:28"]

1. d4 Nf6 2. c4 e6 3. Nc3 Bb4 4. Qc2 c5 5. dxc5 Qa5 6. Bd2 Bxc5 7. Nf3 Nc6 8. e3 O-O 9. a3 Qc7 10. b4 Be7 11. Be2 b6 12. O-O Bb7 13. Rfd1 Rac8 14. Rac1 Qb8 15. Qb2 d5 16. cxd5 exd5 17. Nb5 a6 18. Nbd4 Ne4 19. Nxc6 Rxc6 20. Rxc6 Bxc6 21. Bxa6 b5 22. Nd4 Qb6 23. Nxc6 Qxc6 24. Bxb5 Qxb5 25. Be1 Bf6 26. Qb3 Qe2 27. Qxd5 Bc3 28. Bxc3 Nxc3 29. Qf3 Qxd1+ 30. Qxd1 Nxd1 0-1


[Site "https://www.chess.com"]

[Event "Titled Tuesday Blitz May 9 Late 2023"]
[White "AlbTB"]
[Black "rikchessmx"]
[WhiteElo "2445"]
[BlackElo "2177"]
[Result "0-1"]
[Round "02"]
[TimeControl "180+2"]
[Date "2023.05.09"]
[WhiteClock "0:00:19"]
[BlackClock "0:01:05"]

1. e4 e5 2. Nf3 Nc6 3. Bb5 Bc5 4. c3 Qf6 5. O-O Nge7 6. d4 exd4 7. Bg5 Qg6 8. cxd4 Nxd4 9. Nxd4 Qxg5 10. Nc3 O-O 11. f4 Qf6 12. e5 Qb6 13. Ne2 Qxb5 14. Kh1 Bxd4 15. Nxd4 Qxb2 16. f5 d6 17. f6 Ng6 18. fxg7 Kxg7 19. exd6 cxd6 20. h4 Nxh4 21. Rg1 Ng6 22. Rf1 Be6 23. Rb1 Qxa2 24. Rxb7 Qd5 25. Nf5+ Kh8 26. Qa1+ Qe5 27. Nxd6 Qxa1 28. Rxa1 a5 29. Ne4 a4 30. Nc5 Bb3 31. Nxb3 axb3 32. Rxa8 Rxa8 33. Rxb3 Kg7 34. Kh2 Ra4 35. Kg3 h5 36. Rb5 h4+ 37. Kh3 Ra3+ 38. Kh2 Rg3 39. Rf5 Rg4 40. Ra5 Nf4 41. Rf5 Nxg2 42. Rf3 Nf4 43. Ra3 f5 44. Ra6 Rg6 45. Ra5 Rg5 46. Ra6 Ng6 47. Rb6 Kh6 48. Kh3 Kh5 49. Rb7 Rg3+ 50. Kh2 Kg4 51. Rg7 Rh3+ 52. Kg2 Rg3+ 53. Kh2 Kg5 54. Rg8 Ra3 55. Rb8 Kg4 56. Rg8 Ra2+ 57. Kg1 Kg5 58. Kh1 f4 59. Rg7 Kf5 60. Rf7+ Kg4 61. Rg7 Ra6 62. Kg1 f3 63. Rg8 Kg3 64. Rxg6+ Rxg6 65. Kh1 Ra6 66. Kg1 Ra1# 0-1


[Site "https://www.chess.com"]

[Event "Titled Tuesday Blitz May 9 Late 2023"]
[White "Kiseljova, Marya"]
[Black "Kovalevsky, Stanislav"]
[WhiteFideId "4155009"]
[BlackFideId "13508598"]
[WhiteElo "1831"]
[BlackElo "2174"]
[Result "0-1"]
[Round "02"]
[TimeControl "180+2"]
[Date "2023.05.09"]
[WhiteClock "0:00:07"]
[BlackClock "0:00:12"]

1. d4 Nf6 2. c4 e6 3. Bf4 Bd6 4. Bxd6 cxd6 5. Nf3 b6 6. g3 Bb7 7. Bg2 d5 8. c5 d6 9. cxb6 Qxb6 10. Nbd2 Nc6 11. e3 Ba6 12. Qb3 Nb4 13. Qa4+ Ke7 14. Bf1 Bd3 15. Rc1 Rhc8 16. Rc3 Ne4 17. Rxd3 Rc1+ 18. Ke2 Nxd3 19. Kxd3 Nxf2+ 20. Ke2 Nxh1 21. Bg2 Rac8 22. Ne1 Qxb2 23. Bxh1 Rxe1+ 24. Kxe1 Rc1+ 25. Ke2 Rxh1 26. Qxa7+ Kf6 27. Qa5 Rxh2+ 28. Kd3 h5 29. Qd8+ Kg6 30. Qa5 Rg2 31. a4 Rxg3 32. Nf1 Qb3+ 33. Ke2 Rg2+ 34. Kf3 Ra2 35. Ng3 Qd1+ 36. Kf4 Qg4# 0-1


[Site "https://www.chess.com"]

[Event "Titled Tuesday Blitz May 9 Late 2023"]
[White "Vovk, Orest"]
[Black "KSho99"]
[WhiteFideId "14113490"]
[WhiteElo "2215"]
[BlackElo "2152"]
[Result "1-0"]
[Round "02"]
[TimeControl "180+2"]
[Date "2023.05.09"]
[WhiteClock "0:00:06"]
[BlackClock "0:00:00"]

1. h4 d5 2. h5 e5 3. h6 Nxh6 4. d4 e4 5. Bxh6 gxh6 6. e3 Bf5 7. c4 c6 8. Nc3 dxc4 9. Bxc4 Qg5 10. g3 b5 11. Rh5 Qg6 12. Be2 Nd7 13. Nh3 Bd6 14. d5 Nf6 15. dxc6 Nxh5 16. Bxh5 Qe6 17. g4 Bg6 18. Nxb5 Bb4+ 19. Kf1 Qc4+ 20. Qe2 Qxe2+ 21. Kxe2 O-O 22. a3 Ba5 23. b4 Bb6 24. Nf4 Rac8 25. Rc1 Rfd8 26. Rc4 Rd6 27. Nxd6 1-0


[Site "https://www.chess.com"]

[Event "Titled Tuesday Blitz May 9 Late 2023"]
[White "Oliveira, Tiago Batista"]
[Black "Koutsin"]
[WhiteFideId "2108291"]
[WhiteElo "1962"]
[BlackElo "2441"]
[Result "0-1"]
[Round "02"]
[TimeControl "180+2"]
[Date "2023.05.09"]
[WhiteClock "0:00:00"]
[BlackClock "0:00:57"]

1. d4 e6 2. c4 Nf6 3. Nf3 b6 4. g3 Ba6 5. Qc2 Bb4+ 6. Bd2 Be7 7. Bg2 c6 8. e4 d5 9. e5 Ne4 10. b3 Nxd2 11. Nbxd2 O-O 12. O-O Bb7 13. Rfd1 Na6 14. Rac1 Rc8 15. Nf1 Ba3 16. Rb1 h6 17. Ne3 Qe7 18. Qe2 Nb4 19. Nc2 Nxc2 20. Qxc2 c5 21. dxc5 Bxc5 22. b4 Bxb4 23. Qa4 a5 24. cxd5 Bxd5 25. a3 Bc6 26. Qb3 Bc5 27. a4 Bd5 28. Qb5 Bc6 29. Qb3 Qe8 30. Ra1 Bd5 31. Qb5 Qxb5 32. axb5 Rfd8 33. Ne1 Bxg2 34. Nxg2 Bd4 35. Rab1 Bxe5 36. Rxd8+ Rxd8 37. Ne3 Bd4 38. Nc4 Bc5 39. Rc1 Rd5 40. Kg2 e5 41. Kf3 f5 42. Ke2 Kf7 43. f3 Ke6 44. Ne3 Bxe3 45. Kxe3 Rxb5 46. Rc6+ Kd5 47. Rc7 a4 48. Rxg7 Ra5 49. Rd7+ Kc4 50. Rd2 a3 51. Ra2 Kb3 0-1


[Site "https://www.chess.com"]

[Event "Titled Tuesday Blitz May 9 Late 2023"]
[White "Stead, Kerry"]
[Black "Golubev, Mikhail"]
[WhiteFideId "3202577"]
[BlackFideId "14100983"]
[WhiteElo "1997"]
[BlackElo "2374"]
[Result "0-1"]
[Round "02"]
[TimeControl "180+2"]
[Date "2023.05.09"]
[WhiteClock "0:01:24"]
[BlackClock "0:01:11"]

1. d4 Nf6 2. f3 d5 3. e4 dxe4 4. Nc3 exf3 5. Nxf3 g6 6. Bc4 Bg7 7. O-O O-O 8. Qe1 Bf5 9. Qh4 c5 10. dxc5 Nbd7 11. Be3 Rc8 12. Ng5 Ne5 13. Bb3 Neg4 14. Qxg4 Nxg4 0-1


[Site "https://www.chess.com"]

[Event "Titled Tuesday Blitz May 9 Late 2023"]
[White "Jimenez Almeida, Luis David"]
[Black "Curtis, John"]
[WhiteFideId "22242244"]
[BlackFideId "3200256"]
[WhiteElo "2245"]
[BlackElo "2203"]
[Result "1-0"]
[Round "02"]
[TimeControl "180+2"]
[Date "2023.05.09"]
[WhiteClock "0:00:37"]
[BlackClock "0:00:00"]

1. e4 c5 2. Nc3 Nc6 3. g3 g6 4. Bg2 Bg7 5. Nge2 e5 6. O-O Nge7 7. d3 d6 8. Nd5 Nxd5 9. exd5 Nd4 10. c3 Nxe2+ 11. Qxe2 O-O 12. a4 a5 13. h3 Re8 14. Qc2 Bf5 15. g4 Bd7 16. f4 exf4 17. Bxf4 Be5 18. Qf2 f5 19. Rae1 Qf6 20. Bxe5 Rxe5 21. Rxe5 Qxe5 22. Re1 Qf6 23. gxf5 Bxf5 24. Re6 Qd8 25. Re3 Bd7 26. Qf4 Qf8 27. Qg3 Re8 28. Be4 Kh8 29. b3 b5 30. axb5 Bxb5 31. c4 Bd7 32. Rf3 Qe7 33. Qf4 Kg7 34. Qg3 Rf8 35. Re3 Qf6 36. Bg2 Rf7 37. Kh2 Qf4 38. Qxf4 Rxf4 39. Kg3 Rf7 40. Re1 a4 41. bxa4 Bxa4 42. Ra1 Be8 43. Ra8 Re7 44. Be4 Kf6 45. h4 Ke5 46. Kg4 h6 47. Ra1 Bd7+ 48. Kg3 g5 49. hxg5 hxg5 50. Rh1 Kd4 51. Rh6 Ke5 52. Rg6 g4 53. Rg5+ Kd4 54. Rh5 1-0


[Site "https://www.chess.com"]

[Event "Titled Tuesday Blitz May 9 Late 2023"]
[White "Sliwicki, Damian"]
[Black "Dargan, Paul A G"]
[WhiteFideId "1127128"]
[BlackFideId "416762"]
[WhiteElo "2030"]
[BlackElo "2042"]
[Result "1-0"]
[Round "02"]
[TimeControl "180+2"]
[Date "2023.05.09"]
[WhiteClock "0:00:29"]
[BlackClock "0:00:05"]

1. e4 c5 2. Nf3 g6 3. d4 cxd4 4. Nxd4 Nc6 5. Nc3 Nf6 6. Be3 Bg7 7. Qd2 O-O 8. Nb3 Ng4 9. Bg5 Qb6 10. f3 Nge5 11. Nd5 Qd8 12. O-O-O b6 13. Be2 d6 14. h3 Be6 15. f4 Nd7 16. Bb5 Bxd5 17. exd5 Na5 18. Nd4 Rc8 19. b4 Nc4 20. Bxc4 Rxc4 21. Nc6 Rxc6 22. dxc6 Nf6 23. b5 Ne4 24. Qe3 f5 25. Qb3+ Kh8 26. Qe6 a6 27. Bxe7 Qe8 28. c7 Rf7 29. c8=Q Rxe7 30. Qxe8+ 1-0


[Site "https://www.chess.com"]

[Event "Titled Tuesday Blitz May 9 Late 2023"]
[White "Butti, Enrique"]
[Black "sebastianmarinp"]
[WhiteFideId "3700470"]
[WhiteElo "2080"]
[BlackElo "2436"]
[Result "0-1"]
[Round "02"]
[TimeControl "180+2"]
[Date "2023.05.09"]
[WhiteClock "0:00:22"]
[BlackClock "0:00:34"]

1. d4 Nf6 2. c4 e6 3. Nf3 Bb4+ 4. Nbd2 O-O 5. a3 Be7 6. e3 d5 7. b3 b6 8. Bb2 Bb7 9. Bd3 Nbd7 10. O-O c5 11. Ne5 cxd4 12. exd4 dxc4 13. Ndxc4 b5 14. Ne3 a6 15. f4 Nb6 16. f5 Nbd5 17. Rf3 Nxe3 18. Rxe3 exf5 19. Bxf5 g6 20. Bd3 Qd5 21. Rg3 Ne4 22. Bxe4 Qxe4 23. d5 Bf6 24. Qd4 Qxd5 25. Qf4 Bg7 26. Rf1 Rae8 0-1


[Site "https://www.chess.com"]

[Event "Titled Tuesday Blitz May 9 Late 2023"]
[White "Rios Escobar, Adan"]
[Black "Torres Dominguez, David"]
[WhiteFideId "3403645"]
[BlackFideId "2220857"]
[WhiteElo "2435"]
[BlackElo "1999"]
[Result "1-0"]
[Round "02"]
[TimeControl "180+2"]
[Date "2023.05.09"]
[WhiteClock "0:00:10"]
[BlackClock "0:00:00"]

1. d4 e5 2. dxe5 d6 3. Nf3 Bg4 4. Bg5 Qd7 5. Nc3 Nc6 6. a3 dxe5 7. Qxd7+ Bxd7 8. O-O-O f6 9. Bh4 O-O-O 10. e3 h5 11. h3 g5 12. Bxg5 fxg5 13. Nxg5 Nh6 14. Bc4 Be7 15. Ne6 Bxe6 16. Bxe6+ Kb8 17. Ne4 Rxd1+ 18. Rxd1 Rd8 19. Rg1 h4 20. g4 hxg3 21. fxg3 Rf8 22. Kd2 Nf5 23. g4 Ng7 24. Bc4 Rh8 25. Bf1 Kc8 26. g5 Nd8 27. Rg4 Nde6 28. h4 Kd8 29. Ng3 Ne8 30. g6 Bxh4 31. Nf5 Bf6 32. Bc4 N6g7 33. e4 Rh2+ 34. Kc3 1-0


[Site "https://www.chess.com"]

[Event "Titled Tuesday Blitz May 9 Late 2023"]
[White "Hartikainen, Jarmo"]
[Black "Kaplan, Avi Harrison"]
[WhiteFideId "503134"]
[BlackFideId "30934559"]
[WhiteElo "2075"]
[BlackElo "1983"]
[Result "1/2-1/2"]
[Round "02"]
[TimeControl "180+2"]
[Date "2023.05.09"]
[WhiteClock "0:00:10"]
[BlackClock "0:00:10"]

1. e4 g6 2. d4 Bg7 3. Nc3 d6 4. Be3 Nc6 5. Bb5 a6 6. Bxc6+ bxc6 7. Qd2 f5 8. f3 e5 9. Nge2 fxe4 10. Nxe4 Nf6 11. Nxf6+ Qxf6 12. dxe5 Qxe5 13. Bd4 Qe7 14. Bxg7 Qxg7 15. Qe3+ Qe7 16. Qxe7+ Kxe7 17. O-O c5 18. Nc3 Bf5 19. Rf2 Kd7 20. Nd5 Rab8 21. b3 c6 22. Nf6+ Ke6 23. Ne4 Bxe4 24. fxe4 Ke5 25. Re1 Rhf8 26. g3 c4 27. Rxf8 Rxf8 28. Kg2 cxb3 29. axb3 Kd4 30. Rd1+ Ke5 31. Re1 Rf6 32. h4 Kd4 33. Ra1 Kc3 34. Rxa6 c5 35. e5 Re6 36. exd6 Kxc2 37. Rc6 Kxb3 38. Rxc5 Rxd6 39. Rc7 h5 40. Kf3 Kb4 41. Kf4 Rd4+ 42. Kf3 Kb5 43. Rc8 Rg4 44. Rc3 Kb6 45. Rc2 Rb4 46. Rc3 Rb5 47. Rc4 Rf5+ 48. Ke4 Rf1 49. Rc3 Kb5 50. Rc8 Rf6 51. Ke3 Kb6 52. Ke4 Kb7 53. Rc3 Rf5 54. Ke3 g5 55. Ke4 Ra5 56. hxg5 Rxg5 57. Kf4 Rg4+ 58. Kf3 Ra4 59. Rc5 h4 60. gxh4 Rxh4 61. Rc2 Rh3+ 62. Kg4 Rh7 63. Kf5 Rf7+ 64. Ke6 Rh7 65. Ke5 Rh5+ 66. Ke4 Rh4+ 67. Ke5 Rh5+ 68. Ke4 Rh4+ 69. Ke5 Rh5+ 1/2-1/2


[Site "https://www.chess.com"]

[Event "Titled Tuesday Blitz May 9 Late 2023"]
[White "Gutkin, Ilya"]
[Black "Maluco_do_Natal_00"]
[WhiteFideId "16203470"]
[WhiteElo "2265"]
[BlackElo "2031"]
[Result "1-0"]
[Round "02"]
[TimeControl "180+2"]
[Date "2023.05.09"]
[WhiteClock "0:01:29"]
[BlackClock "0:00:00"]

1. e4 c5 2. Nf3 Nc6 3. Bb5 e6 4. O-O Nge7 5. c3 d5 6. exd5 Nxd5 7. d4 a6 8. Ba4 b5 9. Bc2 Be7 10. a4 Bb7 11. dxc5 Bxc5 12. Nbd2 O-O 13. Nb3 Be7 14. axb5 axb5 15. Rxa8 Qxa8 16. Qd3 g6 17. Rd1 Qa6 18. Nfd4 Nxd4 19. Nxd4 b4 20. Qxa6 Bxa6 21. Nc6 Bc5 22. Be4 Bb5 23. Bxd5 exd5 24. Nxb4 1-0


[Site "https://www.chess.com"]

[Event "Titled Tuesday Blitz May 9 Late 2023"]
[White "Maranhao,Jose Renato Ruiz"]
[Black "D`Arruda, Ricardo D."]
[WhiteFideId "2135175"]
[BlackFideId "100692"]
[WhiteElo "1970"]
[BlackElo "2430"]
[Result "0-1"]
[Round "02"]
[TimeControl "180+2"]
[Date "2023.05.09"]
[WhiteClock "0:00:00"]
[BlackClock "0:00:45"]

1. e4 c5 2. Nf3 Nc6 3. d4 cxd4 4. Nxd4 e5 5. Nb3 a6 6. Nc3 Nf6 7. Be2 Bb4 8. Bf3 d6 9. O-O Be6 10. Nd5 Bxd5 11. exd5 Ne7 12. c3 Ba5 13. Bg5 Bb6 14. Nd2 Ng6 15. Ne4 O-O 16. h4 Qe7 17. h5 Nf4 18. h6 N4xd5 19. hxg7 Kxg7 20. Nxf6 Nxf6 21. Bd5 Bd8 22. Qf3 Rb8 23. Rad1 Kh8 24. Be4 Rg8 25. Bxf6+ Qxf6 26. Qh3 Rg7 27. Rd3 Qf4 0-1


[Site "https://www.chess.com"]

[Event "Titled Tuesday Blitz May 9 Late 2023"]
[White "Fernandez Lopez, Ruben"]
[Black "dorpato"]
[WhiteFideId "24518298"]
[WhiteElo "2240"]
[BlackElo "2020"]
[Result "1-0"]
[Round "02"]
[TimeControl "180+2"]
[Date "2023.05.09"]
[WhiteClock "0:01:28"]
[BlackClock "0:00:14"]

1. b3 c5 2. Bb2 Nc6 3. e3 Nf6 4. f4 g6 5. Nf3 Bg7 6. Bb5 O-O 7. O-O a6 8. Bxc6 bxc6 9. d3 d5 10. Nbd2 Bf5 11. Qe2 Rb8 12. e4 dxe4 13. dxe4 Bg4 14. h3 Bxf3 15. Nxf3 a5 16. Rad1 Qb6 17. a4 Rfd8 18. Be5 Rbc8 19. Qc4 e6 20. Bxf6 Bxf6 21. e5 Bg7 22. Ng5 Bh6 23. Ne4 Bf8 24. Kh1 Rd4 25. Nf6+ Kg7 26. Rxd4 cxd4 27. Rd1 c5 28. Qd3 Be7 29. Ne4 Qb4 30. Nd2 Rd8 31. Nc4 Ra8 32. Qf3 Qb8 33. Qc6 Ra7 34. Qb5 Qxb5 35. axb5 Rb7 36. b6 Bd8 37. Nxa5 Rxb6 38. Nc4 Rc6 39. Ra1 Bh4 40. Ra8 Bg3 41. Kg1 Bxf4 42. Kf2 f6 43. exf6+ Kxf6 44. g3 Be5 45. Rf8+ Ke7 46. Nxe5 Kxf8 47. Nxc6 Kf7 48. Ke2 Kf6 49. Kd3 e5 50. Ke4 Ke6 51. Nxe5 1-0


[Site "https://www.chess.com"]

[Event "Titled Tuesday Blitz May 9 Late 2023"]
[White "Papayan, Oleg"]
[Black "tandercat"]
[WhiteFideId "4193911"]
[WhiteElo "2171"]
[BlackElo "2007"]
[Result "1-0"]
[Round "02"]
[TimeControl "180+2"]
[Date "2023.05.09"]
[WhiteClock "0:00:03"]
[BlackClock "0:00:00"]

1. e4 c5 2. c3 Nf6 3. e5 Nd5 4. Nf3 Nc6 5. d4 cxd4 6. cxd4 d6 7. exd6 Qxd6 8. Be2 Bg4 9. O-O e6 10. h3 Bh5 11. Nc3 a6 12. Bg5 Be7 13. Ne4 Qc7 14. Rc1 Bxf3 15. Bxf3 Bxg5 16. Nxg5 Rd8 17. Re1 O-O 18. Qd3 Nf6 19. Bxc6 bxc6 20. Qxa6 Rxd4 21. Qxc6 Qxc6 22. Rxc6 Rd2 23. Rb6 h6 24. Nf3 Rc2 25. a4 Nd5 26. Rb7 Ra8 27. b3 Ra5 28. Nd4 Rb2 29. Rc1 Rxa4 30. Rc8+ Kh7 31. bxa4 Rxb7 32. Ra8 Rb4 33. Nc6 Rc4 34. Ne5 Re4 35. Nxf7 Re1+ 36. Kh2 Ra1 37. a5 Kg6 38. Ne5+ Kf5 39. Nf3 Ke4 40. a6 Nc7 41. Rg8 g5 42. Rg6 Kf5 43. Rxh6 Rxa6 44. Rh5 Kg6 45. Rxg5+ Kf6 46. h4 Ra4 47. h5 Nd5 48. h6 Ne7 49. h7 Ra8 50. g4 Rh8 51. Rh5 Kg6 52. Ne5+ 1-0


[Site "https://www.chess.com"]

[Event "Titled Tuesday Blitz May 9 Late 2023"]
[White "James, Stuart"]
[Black "Villuendas Valero, Adrian"]
[WhiteFideId "7400489"]
[BlackFideId "2262460"]
[WhiteElo "1950"]
[BlackElo "2328"]
[Result "0-1"]
[Round "02"]
[TimeControl "180+2"]
[Date "2023.05.09"]
[WhiteClock "0:02:13"]
[BlackClock "0:01:23"]

1. e4 e6 2. d4 d5 3. Nd2 Be7 4. Ngf3 Nf6 5. e5 Nfd7 6. Bd3 c5 7. c3 Nc6 8. O-O g5 9. dxc5 g4 10. Nd4 Ndxe5 11. Nxc6 bxc6 12. Be2 Bxc5 13. Nb3 Bd6 14. Bf4 Nf3+ 15. Bxf3 Bxf4 16. Bxg4 h5 17. Bh3 Qf6 18. g3 Bc7 19. Qd4 e5 20. Qa4 Bxh3 0-1


[Site "https://www.chess.com"]

[Event "Titled Tuesday Blitz May 9 Late 2023"]
[White "Castillo Pena, Patricia Evarista"]
[Black "ElenGajger"]
[WhiteFideId "6412106"]
[WhiteElo "1919"]
[BlackElo "2419"]
[Result "0-1"]
[Round "02"]
[TimeControl "180+2"]
[Date "2023.05.09"]
[WhiteClock "0:00:47"]
[BlackClock "0:01:38"]

1. d4 Nf6 2. Nf3 g6 3. Nc3 d5 4. Bf4 Bg7 5. e3 O-O 6. Be2 c5 7. O-O b6 8. Ne5 Bb7 9. a4 a6 10. Rb1 Nbd7 11. b4 cxd4 12. exd4 Rc8 13. Qd2 Nh5 14. Nxd7 Nxf4 15. Ne5 Rxc3 16. Qxf4 Rxc2 17. Bd3 Rc3 18. Rfd1 Qd6 19. g3 f6 20. Nf3 Qxf4 21. gxf4 Bh6 22. Kg2 Bxf4 23. Rbc1 Rxc1 0-1


[Site "https://www.chess.com"]

[Event "Titled Tuesday Blitz May 9 Late 2023"]
[White "Dzida, Kamil"]
[Black "Dmitriev, Sergey"]
[WhiteFideId "21828652"]
[BlackFideId "14101785"]
[WhiteElo "2139"]
[BlackElo "2132"]
[Result "0-1"]
[Round "02"]
[TimeControl "180+2"]
[Date "2023.05.09"]
[WhiteClock "0:02:53"]
[BlackClock "0:02:28"]

1. b3 e5 2. Bb2 d6 3. e3 g6 4. f4 Bg7 5. Nf3 Bg4 6. Bc4 Nf6 7. fxe5 dxe5 8. Bxf7+ Kxf7 9. Nxe5+ Kf8 10. O-O Bxd1 0-1


[Site "https://www.chess.com"]